 Dungeon Sprint DCSS version 0.30-a0-883-g5ad918d77d (webtiles) character file.

Game seed: 1909129888705011375

0 sircluck the Ruffian (level 1, -1/19 HPs)
             Began as a Troll Gladiator on Mar 15, 2023.
             Slain by Terence
             ... wielding a +0 hand axe
              (3 damage)
             ... in the Dungeon (Sprint VI: "Thunderdome").
             The game lasted 00:00:08 (43 turns).

sircluck the Ruffian (Troll Gladiator)                Turns: 43, Time: 00:00:08

Health: -1/19      AC:  4    Str: 21    XL:     1   Next: 8%
Magic:  0/0        EV: 10    Int:  4    God:
Gold:   200        SH:  0    Dex: 11    Spells: 0/0 levels left

rFire   . . .      SeeInvis .      - Unarmed
rCold   . . .      Faith    .    (no shield)
rNeg    . . .      Spirit   .    a - +0 robe
rPois   .          Reflect  .    b - +0 hat
rElec   .          Rampage  .    (no cloak)
rCorr   .          NoTele   +    (gloves unavailable)
Will    .....                    (boots unavailable)
Stlth   +                        (no amulet)
HPRegen 1.03/turn                (no ring)
MPRegen 0.07/turn                (no ring)

@: no status effects
A: large, unfitting armour, claws 3, regeneration 1, shaggy fur 1, tough skin 1
a: no special abilities


You were in the Dungeon.
You visited 1 branch You collected 200 gold pieces.

Inventory:

Missiles
 c - 3 throwing nets (quivered)
 d - a large rock
Armour
 a - a +0 robe (worn)
 b - a +0 hat (worn)
Wands
 l - a wand of light (5)
 m - a wand of roots (5)
Scrolls
 j - 4 scrolls of blinking
 n - 3 scrolls of fog
Potions
 e - a potion of curing
 f - 4 potions of heal wounds
 g - 4 potions of haste
 h - 2 potions of magic
 i - a potion of berserk rage
 k - a potion of resistance


   Skills:
 + Level 1.6 Fighting
 + Level 1.8 Throwing
 + Level 2.5 Dodging
 + Level 3.1 Unarmed Combat


You couldn't memorise any spells.
You didn't know any spells.
Your spell library was empty.

Dungeon Overview and Level Annotations

Branches:
Dungeon (1/1)

Altars:
Gozag
Okawaru
Uskayaw
Vehumet
Wu Jian
Xom
The Shining One

Shops:
D ??:(

Annotations:
D Sigmund, Terence


Innate Abilities, Weirdness & Mutations

You are too large for most types of armour.
You have claws for hands.
Your natural rate of healing is unusually fast.
You are covered in fur. (AC +1)
You have tough skin. (AC +1)


Message History

Terence barely misses you. Terence hits you but does no damage.
Terence barely misses you. Terence closely misses you.
Terence barely misses you.
Sigmund the Dreaded comes into view.
He is wielding a +0 scythe.
Sigmund shouts!
Terence hits you but does no damage.
Sigmund points at you and mumbles some strange words.
You are confused.
Terence says, "Did you write a will?
You should..."
Terence closely misses you. Terence hits you with a +0 hand axe!
Terence hits you with a +0 hand axe. Terence hits you with a +0 hand axe.
Sigmund casts a spell at you.
You are more confused.
Terence misses you. Sigmund casts a spell at you.
You resist with significant effort.
Terence shouts, "DIE!!!"
Terence closely misses you. Terence hits you with a +0 hand axe.
Sigmund says, "Your kind have come here before.
I understand now why.
You desire death..."
Terence barely misses you. Sigmund asks, "Do you like me?"
Sigmund closely misses you. Terence screams, "I want your blood!"
Terence hits you with a +0 hand axe. Terence says, "How do you enjoy it?"
Terence barely misses you. Sigmund hits you but does no damage.
You feel less confused. Terence barely misses you.
Sigmund hits you from afar with a +0 scythe!
Ouch! That really hurt!
* * * LOW HITPOINT WARNING * * *
Terence hits you with a +0 hand axe.
* * * LOW HITPOINT WARNING * * *
Terence hits you with a +0 hand axe.
You die...

#..... #.....#
#∩.....∩##
#∩.......∩#
#_......._#
#......@._#
#_.......@#
###........@###
#⌠...........†#
#.8.........8.###
......###......___
...8. #.8........
.....###...........
#...###........
#.<.# #........
#...# #........


You could see Sigmund and Terence.

Vanquished Creatures
  A rat (D)
1 creature vanquished.

Notes
Turn   | Place    | Note
-------+----------+-------------------------------------------
     0 | D        | sircluck the Troll Gladiator began the quest for the Orb.
     0 | D        | Reached XP level 1. HP: 19/19 MP: 0/0
     1 | D        | Found a hide-covered altar of Uskayaw.
     1 | D        | Found an ornate altar of the Wu Jian Council.
     2 | D        | Found an iron altar of Okawaru.
     2 | D        | Found a glowing golden altar of the Shining One.
     3 | D        | Found an opulent altar of Gozag.
     4 | D        | Found a radiant altar of Vehumet.
     4 | D        | Found Memucafint's Staff Store.
     4 | D        | Found Sunaf's Magic Scroll Shop.
     5 | D        | Found a shimmering altar of Xom.
     5 | D        | Found Ale Zoxenunn's Must-Have Magic.
     5 | D        | Found Sifoax's Magic Scroll Shop.
     5 | D        | Round 1.
    10 | D        | Noticed Terence
    29 | D        | Noticed Sigmund
    43 | D        | Slain by Terence

Illustrated notes

Levels and vault maps discovered:
D:        arena_sprint

Action                     || total
---------------------------++-------
  Melee: Unarmed           ||     2
 Armour: Robe              ||     5
  Dodge: Dodged            ||    15

Table legend: (Time is in decaauts)
 A = Elapsed time spent in this place.
 B = Non-inter-level travel time spent in this place.
 C = Inter-level travel time spent in this place.
 D = Time resting spent in this place.
 E = Time spent auto-exploring this place.
 F = Levels seen in this place.
 G = Mean time per level.
                   A        B        C        D        E       F      G
               +--------+--------+--------+--------+--------+-----+--------+
         Total |     42 |     42 |      0 |      0 |      1 |   1 |   42.0 |
       Dungeon |     42 |     42 |      0 |      0 |      1 |   1 |   42.0 |
               +--------+--------+--------+--------+--------+-----+--------+

Top non-repeatable levels by time:
       D: 42 daAuts
